 Dungeon Crawl Stone Soup version 0.18-a0-1643-gb89d9db (webtiles) character file.

946 Oddball22 the Skirmisher (level 7, 0/59 HPs)
             Began as a Demonspawn Monk on Mar 28, 2016.
             Was a Follower of Ru.
             Succumbed to Dowan's poison
             ... on level 5 of the Dungeon.
             The game lasted 00:13:13 (3891 turns).

Oddball22 the Skirmisher (Demonspawn Monk)          Turns: 3891, Time: 00:13:14

Health: 0/59       AC:  9    Str: 18    XL:     7   Next: 89%
Magic:  16/16      EV: 15    Int: 11    God:    Ru [*.....]
Gold:   188        SH:  0    Dex: 16    Spells: 0 memorised, 6 levels left

rFire  . . .     SeeInvis .     c - +2 dagger (drain)
rCold  . . .     Gourm    .     a - +0 robe
rNeg   . . .     Faith    .     (no shield)
rPois  .         Spirit   .     (helmet restricted)
rElec  .         Dismiss  .     e - +0 cloak
rCorr  .         Reflect  .     (no gloves)
SustAt .         Harm     +     (no boots)
MR     .....                    g - amulet of harm
Stlth  ++........               (no ring)
                                v - ring of magical power

@: mighty, lethally poisoned (0 -> -22), very slightly contaminated, hasted,
drained, very quick, not resistant to hostile enchantments, unstealthy
A: antennae 1, iridescent scales 2, spiny 1, no earth magic, no hexes magic, no
summoning magic
a: Renounce Religion


You were on level 5 of the Dungeon.
You worshipped Ru.
Ru was aware of your devotion.
You were not hungry.

You visited 2 branches of the dungeon, and saw 6 of its levels.

You collected 188 gold pieces.

Inventory:

Hand Weapons
 c - a +2 dagger of draining (weapon)
Missiles
 d - 14 bolts of frost
 f - 8 javelins (quivered)
 i - 12 silver bolts
 s - 33 bolts
Armour
 a - a +0 robe (worn)
 e - a +0 cloak (worn)
Jewellery
 g - an amulet of harm (around neck)
 v - a ring of magical power (left hand)
Wands
 t - a wand of disintegration (0/24)
Scrolls
 o - 2 scrolls of identify {unknown}
 p - 2 scrolls of enchant armour {unknown}
 q - a scroll of remove curse {unknown}
 r - a scroll of fear {unknown}
 u - a scroll of amnesia {unknown}
 w - a scroll of blinking {unknown}
 x - a scroll of teleportation {unknown}
 y - a scroll of fog {unknown}
 A - a scroll of recharging {unknown}
Potions
 m - a potion of cure mutation
Comestibles
 b - 3 bread rations
 j - 6 chunks of flesh
 k - a meat ration
 l - 7 fruits


   Skills:
 * Level 6.6(6.4) Fighting
 + Level 4.8(4.6) Dodging
 - Level 1.7(1.6) Stealth
 + Level 6.0(5.8) Unarmed Combat


You had 6 spell levels left.
You didn't know any spells.

Dungeon Overview and Level Annotations

Branches:
Dungeon (5/15)             Temple (1/1) D:5

Altars:
Ashenzari
Dithmenos
Fedhas
Makhleb
Pakellas
Ru
Trog
Vehumet
Zin
The Shining One

Annotations:
D:5 Dowan


Innate Abilities, Weirdness & Mutations

You have a pair of small antennae on your head.
You are mostly covered in iridescent scales (AC +6).
You are partially covered in sharp spines.
You cannot study or cast Earth magic.
You cannot study or cast Hexes magic.
You cannot study or cast Summoning magic.


Message History

* * * LOW HITPOINT WARNING * * *
You feel sick. Dowan closely misses you.
Drink which item? (? for menu, Esc to quit)
It was a potion of might.
You feel very mighty all of a sudden.
* * * LOW HITPOINT WARNING * * *
You feel sick. Dowan hits you but does no damage.
You are more poisoned.
Dowan hits you but does no damage.
You are more poisoned.
Drink which item? (? for menu, Esc to quit)
It was a potion of magic.
Magic courses through your body.
* * * LOW HITPOINT WARNING * * *
You feel sick. Dowan is struck by your spines. Dowan misses you.
Drink which item? (? for menu, Esc to quit)
It was a potion of haste.
You feel yourself speed up.
* * * LOW HITPOINT WARNING * * *
You feel sick. Dowan hits you but does no damage. Dowan misses you.
You are very lightly contaminated with residual magic.
You die...

#####.##########
#.............).
#.######.######
#.# ####.#######
#..........#
#.##.#####.# #
#.# #@#####.##
#..e......
#######.##


You could see Dowan.

Vanquished Creatures
  The ghost of donomii the Sneak, an amateur SpAr of Pakellas (D:4)
  Duvessa (D:5)
  A water moccasin (D:4)
  An ogre (D:4)
  2 crimson imps
  An orc priest (D:4)
  Ijyb (D:3)
  4 orc wizards
  4 worker ants
  Robin (D:4)
  4 adders
  2 oozes (D:3)
  An adder skeleton (D:4)
  A worm (D:2)
  6 giant geckos
  11 orcs
  A ball python (D:3)
  7 bats
  4 giant cockroaches
  14 goblins
  8 hobgoblins
  11 jackals
  5 quokkas
  A giant newt (D:3)
  9 kobolds
  8 rats
110 creatures vanquished.

Notes
Turn   | Place    | Note
--------------------------------------------------------------
     0 | D:1      | Oddball22 the Demonspawn Monk began the quest for the Orb.
     0 | D:1      | Reached XP level 1. HP: 18/18 MP: 1/1
   238 | D:1      | Gained mutation: You have a pair of small antennae on your head. [demonic ancestry]
   238 | D:1      | Reached XP level 2. HP: 22/24 MP: 2/2
  1007 | D:1      | Gained mutation: You are partially covered in sharp spines. [demonic ancestry]
  1007 | D:1      | Reached XP level 3. HP: 29/29 MP: 3/3
  1590 | D:2      | Found a radiant altar of Vehumet.
  1706 | D:2      | Reached XP level 4. HP: 37/37 MP: 4/4
  2147 | D:3      | Noticed Ijyb
  2156 | D:3      | Killed Ijyb
  2156 | D:3      | Reached XP level 5. HP: 22/42 MP: 5/5
  2547 | D:3      | Reached skill level 5 in Unarmed Combat
  2827 | D:4      | Noticed an ogre
  2927 | D:4      | Gained mutation: You are partially covered in iridescent scales (AC +4). [demonic ancestry]
  2927 | D:4      | Reached XP level 6. HP: 45/49 MP: 6/6
  2983 | D:4      | Noticed donomii's ghost (amateur SpAr)
  3039 | D:4      | Killed donomii's ghost
  3039 | D:4      | Reached skill level 5 in Fighting
  3108 | D:4      | Found Kausomi's Book Shop.
  3170 | D:4      | Gained mutation: You are mostly covered in iridescent scales (AC +6). [demonic ancestry]
  3170 | D:4      | Reached XP level 7. HP: 36/56 MP: 7/7
  3649 | D:4      | Noticed Robin
  3660 | D:4      | Killed Robin
  3804 | D:5      | Entered Level 5 of the Dungeon
  3805 | D:5      | Found a staircase to the Ecumenical Temple.
  3812 | Temple   | Entered the Ecumenical Temple
  3816 | Temple   | Became a worshipper of Ru the Awakened
  3846 | D:5      | Gained mutation: You cannot study or cast Earth magic. [Ru sacrifice]
  3846 | D:5      | Gained mutation: You cannot study or cast Hexes magic. [Ru sacrifice]
  3846 | D:5      | Gained mutation: You cannot study or cast Summoning magic. [Ru sacrifice]
  3846 | D:5      | Reached * piety under Ru
  3873 | D:5      | Noticed Duvessa
  3873 | D:5      | Noticed Dowan
  3880 | D:5      | Killed Duvessa
  3890 | D:5      | HP: 1/59 [poisoned by Dowan]
  3891 | D:5      | Succumbed to Dowan's poison

Vault maps used:
D:1:      scummos_arrival_star, serial_corexii_hall, corexii_hall_statues_i,
          corexii_hall_statues_s
D:2:      fiery_altar_vehumet, first_bread
D:3:      uniq_iyjb
D:4:      serial_shops, shop, uniq_robin
D:5:      gammafunk_temple_overflow_elements, minmay_temple_entry_crystal_x,
          uniq_duvessa, uniq_blork_the_orc
Temple:   nicolae_temple_x_marks_the_god

Skill      XL: |  1  2  3  4  5  6  7 |
---------------+----------------------+-----
Unarmed Combat | 4 5 6 |  6.0
Dodging        | 3 4 |  4.8
Fighting       | 4 5 6 |  6.6
Stealth        | |  1.7

Action                   |  1- 3 |  4- 6 |  7- 9 || total
-------------------------+-------+-------+-------++-------
Melee: Unarmed           |    83 |       |       ||    83
       Dagger            |    18 |    87 |    39 ||   144
Invok: Sacrifice Arcana  |       |       |     1 ||     1
Evoke: Wand              |       |     2 |       ||     2
  Use: Potion            |       |       |     4 ||     4
 Stab: Sleeping          |     5 |     7 |     1 ||    13
       Distracted        |       |     1 |     1 ||     2
  Eat: Chunk             |     2 |     5 |     2 ||     9
